 Dungeon Crawl Stone Soup version 0.20.1-1-g8b1a95d (webtiles) character file.

20307 straycat the Nimble (level 12, -4/70 HPs)
             Began as a Vampire Wanderer on Dec 28, 2017.
             Was a Believer of Hepliaklqana.
             Killed from afar by a shock serpent (25 damage)
             ... with a bolt of electricity
             ... on level 1 of the Snake Pit.
             The game lasted 01:57:16 (11383 turns).

straycat the Nimble (Vampire Wanderer)             Turns: 11383, Time: 01:57:17

Health: -4/70      AC: 12    Str: 12    XL:     12   Next: 44%
Magic:  0/12       EV: 23    Int: 15    God:    Hepliaklqana [**....]
Gold:   477        SH:  9    Dex: 20    Spells: 1/11 levels left

rFire    . . .     SeeInvis +   V - +1 short sword (speed)
rCold    . . .     Gourm    .   c - +3 buckler
rNeg     . . .     Faith    .   B - +0 leather armour
rPois    +         Spirit   +   x - +2 helmet of Tomorrow {*Corrode Str+3 SInv Stlth+}
rElec    .         Reflect  .   R - scarf {Spirit}
rCorr    .         Harm     .   j - +2 pair of gloves
MR       ++...     Rnd*Rage +   M - +0 pair of boots
Stlth    +++++++...             m - amulet of regeneration
Regen    0.9/turn               l - ring of protection from magic
MPRegen  0.2/turn               d - ring of poison resistance

@: regenerating quickly
A: reduced essence, fangs 3, thin metallic scales 1, see invisible, berserk 1,
sense surroundings 1, unbreathing
a: Recall Ancestor, Ancestor Identity, Renounce Religion


You were on level 1 of the Snake Pit.
You worshipped Hepliaklqana.
Hepliaklqana was pleased with you.
You were very full.

You visited 4 branches of the dungeon, and saw 12 of its levels.
You also visited: Sewer.

You collected 687 gold pieces.
You spent 210 gold pieces at shops.

Inventory:

Hand Weapons
 E - a +0 scimitar of flaming
 I - a +0 blowgun
 O - a +1 spear of venom
 S - the +5 short sword of Indomitability {venom, +Fly Int+3 SInv}
   (You found it on level 1 of the Snake Pit)

   It poisons the flesh of those it strikes.
   It affects your intelligence (+3).
   It lets you see invisible.
   It lets you fly.
 U - a +0 shortbow
 V - a +1 short sword of speed (weapon)
Missiles
 i - 106 arrows
 n - 77 poisoned needles
 r - 79 bolts
 w - 6 tomahawks (quivered)
 Q - 2 needles of confusion
Armour
 c - a +3 buckler (worn)
 j - a +2 pair of gloves (worn)
 u - a +1 cloak
 x - the +2 helmet of Tomorrow (worn) {*Corrode Str+3 SInv Stlth+}
   (You found it on level 1 of the Lair of Beasts)

   It affects your strength (+3).
   It lets you see invisible.
   It may corrode you when you take damage.
   It makes you more stealthy.
 B - a +0 leather armour (worn)
 D - a +3 chain mail
 M - a +0 pair of boots (worn)
 R - a scarf of spirit shield (worn)
Jewellery
 d - a ring of poison resistance (right hand)
 e - an uncursed amulet of faith
 l - a ring of protection from magic (left hand)
 m - an amulet of regeneration (around neck)
 s - an uncursed amulet of harm
 J - an uncursed amulet of guardian spirit
 T - an uncursed ring of ice
Wands
 t - a wand of acid (4/15)
 v - a wand of digging (0/24)
 G - a wand of iceblast (0/15)
 H - a wand of enslavement (4/24)
 L - a wand of lightning (7/15)
 W - a wand of confusion (28/48)
Scrolls
 h - 7 scrolls of remove curse
 y - 5 scrolls of enchant weapon
 A - 4 scrolls of teleportation
 N - 7 scrolls of identify
 Y - a scroll of silence {unknown}
Potions
 b - 5 potions of lignification
 f - 56 potions of blood
 k - 7 potions of curing
 o - 4 potions of flight
 p - a potion of haste
 z - 2 potions of resistance
 F - 2 potions of ambrosia
 P - 2 potions of might
Books
 a - a book of Party Tricks

   Spells                             Type                      Level
   a - Summon Butterflies             Summoning                    1
   b - Apportation                    Translocation                1
   c - Lesser Beckoning               Translocation                3
   d - Tukima's Dance                 Hexes                        3
   e - Alistair's Intoxication        Transmutation/Poison         5
   f - Invisibility                   Hexes                        6
 C - a book of Summonings

   Spells                             Type                      Level
   a - Recall                         Summoning/Translocation      3
   b - Aura of Abjuration             Summoning                    5
   c - Summon Demon                   Summoning                    5
   d - Summon Forest                  Summoning/Translocation      5
   e - Summon Mana Viper              Hexes/Summoning              5
   f - Shadow Creatures               Summoning                    6
 K - a book of Minor Magic

   Spells                             Type                      Level
   a - Magic Dart                     Conjuration                  1
   b - Blink                          Translocation                2
   c - Call Imp                       Summoning                    2
   d - Slow                           Hexes                        2
   e - Conjure Flame                  Conjuration/Fire             3
   f - Mephitic Cloud                 Conjuration/Poison/Air       3


   Skills:
 - Level 1.7 Fighting
 * Level 13.3 Short Blades
 + Level 14.2 Dodging
 + Level 14.0 Stealth
 - Level 4.4 Shields


You had one spell level left.
You knew the following spells:

 Your Spells              Type           Power        Failure   Level  Hunger
a - Slow                  Hex            #.......     45%         2    ###....
b - Animate Skeleton      Necr           N/A          34%         1    ##.....
c - Call Imp              Summ           #.......     45%         2    ###....
d - Apportation           Tloc           #.....       34%         1    ##.....
e - Mephitic Cloud        Conj/Pois/Air  #.......     71%         3    ####...
f - Summon Butterflies    Summ           #.......     34%         1    ##.....


Dungeon Overview and Level Annotations

Branches:
Dungeon (8/15)             Temple (1/1) D:4            Lair (2/6) D:8
  Snake (1/4) Lair:2
  Swamp: Lair:2-4    Shoals: Lair:2-4

Altars:
Ashenzari
Cheibriados
Dithmenos
Elyvilon
Gozag
Hepliaklqana
Kikubaaqudgha
Makhleb
Nemelex Xobeh
Okawaru
Qazlal
Ru
Sif Muna
Trog
Uskayaw
Vehumet
Xom
The Shining One
Lugonu

Shops:
D:6 ?

Annotations:
D:3 baljet's ghost, amateur MfIE
Lair:2 exclusion: 3 oklob plants


Innate Abilities, Weirdness & Mutations

Your natural rate of healing is unusually fast.
You have razor-sharp teeth.
You have supernaturally acute eyesight. (SInv)
You can survive without breathing.
Your life essence is reduced to manifest your ancestor. (-10% HP)
You are partially covered in thin metallic scales. (AC +2)
You tend to lose your temper in combat.
You passively map a small area around you.


Message History

The bolt of electricity hits you!
* * * LOW HITPOINT WARNING * * *
You feel much better. You block the shock serpent's attack.
The shock serpent completely misses you.
The shock serpent barely misses you.
The shock serpent shoots out a bolt of lightning at you!
The bolt of electricity hits you!
Okay, then.
The shock serpent barely misses you. The shock serpent misses you.
The shock serpent misses you.
The shock serpent shoots out a bolt of lightning at you!
The bolt of electricity hits you!
The shock serpent shoots out a bolt of lightning at you!
The bolt of electricity hits you!
* * * LOW HITPOINT WARNING * * *
You feel better.
The shock serpent shoots out a bolt of lightning at you!
The bolt of electricity hits you!
You die...

.............#
#.#...........#.
#.###.######.#
#.#............. #.# #.# #.#
#.##..........#.
#.###.######.###
#.#####.......#.
..........%....# #.#
##..........
#.###.#.###.##.# #.#
#)(..)....## #.# #.#.#
#.##.# #.# #.(.......# ..#
#...#
#.##.###.###........... ###
#.###
#.##..@S...#........... #.#
#.######.#........(.#..
#####.#####.##
#.###.......##..
..#.....#....## #.#
######...# .
..............## #.# *......
...............###.# ......
................S#.#####....
...............#............
,
...............####.####....


You could see a shock serpent.

Vanquished Creatures
  A hydra (Lair:2)
  A naga warrior (Snake:1)
  A two-headed ogre (D:8)
  Erica (Lair:2)
  A naga sharpshooter (Snake:1)
  The ghost of OnekoMk1 the Thaumaturge, a novice DEAE of Vehumet (D:8)
  A mana viper (Snake:1)
  10 elephants (Lair:2)
  A guardian serpent (Snake:1)
  3 black mambas
  A naga mage (Snake:1)
  4 komodo dragons
  Prince Ribbit (D:8)
  A spriggan (D:8)
  2 basilisks
  4 yaks (Lair:2)
  A wyvern (D:5)
  A steam dragon (D:7)
  Grum (D:8)
  2 nagas (Snake:1)
  3 porcupines
  2 water moccasins
  An ice beast (D:8)
  2 sky beasts
  2 black bears (D:8)
  2 phantoms
  2 ogres (D:7)
  17 wolves (Lair:2)
  3 crocodiles
  2 big kobolds
  6 bullfrogs
  3 scorpions
  3 killer bees (D:8)
  A howler monkey (D:6)
  2 crimson imps
  A quasit (D:5)
  7 orc priests
  A jelly (D:8)
  A hound (D:5)
  A bullfrog skeleton (D:4)
  2 centaur skeletons
  3 iguanas
  2 orc wizards
  4 worker ants
  A hound zombie (D:7)
  A hound skeleton (D:8)
  A worker ant zombie (D:5)
  A howler monkey zombie (D:7)
  12 gnolls
  6 adders
  2 river rats (Sewer)
  A shadow imp (D:6)
  An ooze (D:1)
  An adder zombie (D:5)
  An adder skeleton (D:4)
  A worm (D:4)
  2 dart slugs
  8 leopard geckos
  31 orcs
  4 ball pythons
  6 giant cockroaches
  4 goblins
  5 hobgoblins
  9 jackals
  2 quokkas (D:6)
  6 bats
  2 frilled lizards (D:4)
  A jackal zombie (D:5)
  10 kobolds
  A leopard gecko skeleton (D:4)
  10 rats
242 creatures vanquished.

Vanquished Creatures (collateral kills)
  A black mamba (Snake:1)
  A naga mage (Snake:1)
  2 spiny frogs
  A yak (Lair:2)
  A basilisk (Lair:1)
  A naga (Snake:1)
  A water moccasin (Lair:2)
  4 porcupines
  An ogre (D:6)
  16 wolves
  A crocodile (Lair:2)
  4 bullfrogs
  A howler monkey (D:6)
  A crimson imp (D:5)
  3 orc wizards (D:7)
  An adder (D:8)
  A worm (D:6)
  5 orcs
  A giant cockroach (D:7)
  A jackal (D:6)
  2 kobolds (D:8)
  2 fungi
  3 plants
55 creatures vanquished.

Vanquished Creatures (others)
  7 battlemagi
  3 ancestors (D:8)
  31 fungi
  2 plants (Lair:2)
43 creatures vanquished.

Grand Total: 340 creatures vanquished

Notes
Turn   | Place    | Note
-------+----------+-------------------------------------------
     0 | D:1      | straycat the Vampire Wanderer began the quest for the Orb.
     0 | D:1      | straycat set off with: a +2 short sword, a potion of lignification, a +0 buckler, a +0 robe, a +0 dagger, a potion of blood
     0 | D:1      | Reached XP level 1. HP: 16/16 MP: 1/1
   155 | D:1      | Reached XP level 2. HP: 10/22 MP: 2/2
   230 | D:1      | Reached XP level 3. HP: 10/27 MP: 3/3
   855 | D:1      | Noticed a sky beast
   866 | D:1      | Killed a sky beast
   866 | D:1      | Reached XP level 4. HP: 19/33 MP: 4/4
  1065 | D:1      | Reached XP level 5. HP: 38/38 MP: 5/5
  1507 | D:2      | Found an ancient bone altar of Kikubaaqudgha.
  1617 | D:2      | Found a snail-covered altar of Cheibriados.
  1918 | D:3      | Found a shattered altar of Ashenzari.
  2047 | D:3      | Noticed baljet's ghost (amateur MfIE)
  2294 | D:4      | Reached XP level 6. HP: 31/44 MP: 6/6
  2448 | D:4      | Reached skill level 5 in Dodging
  2604 | D:4      | Found a burning altar of Makhleb.
  2801 | D:4      | Found a staircase to the Ecumenical Temple.
  2812 | Temple   | Entered the Ecumenical Temple
  2964 | D:4      | Reached XP level 7. HP: 11/49 MP: 7/7
  3406 | D:5      | Entered Level 5 of the Dungeon
  3705 | D:5      | Found a glowing drain.
  3715 | Sewer    | Entered a sewer
  3902 | Sewer    | Found a white marble altar of Elyvilon.
  4317 | D:5      | Noticed a wyvern
  4332 | D:5      | Found a transporter.
  4336 | D:5      | Killed a wyvern
  4336 | D:5      | Reached XP level 8. HP: 48/55 MP: 8/8
  4364 | D:5      | Found a transporter.
  4564 | D:5      | Learned a level 2 spell: Slow
  4669 | D:5      | Found an opulent altar of Gozag.
  4670 | D:5      | Found a radiant altar of Vehumet.
  4685 | D:5      | Found a hazy altar of Hepliaklqana.
  4686 | D:5      | Found a deep blue altar of Sif Muna.
  4688 | D:5      | Found a hide-covered altar of Uskayaw.
  4728 | D:5      | Became a worshipper of Hepliaklqana the Forgotten
  5174 | D:6      | Reached skill level 10 in Dodging
  5661 | D:6      | Reached * piety under Hepliaklqana
  5756 | D:6      | Found Cesaf's Magic Scroll Boutique.
  5764 | D:6      | Bought a scroll of identify for 24 gold pieces
  5764 | D:6      | Bought a scroll of identify for 24 gold pieces
  5764 | D:6      | Bought a scroll of identify for 24 gold pieces
  5764 | D:6      | Bought a scroll of identify for 24 gold pieces
  5764 | D:6      | Bought a scroll of identify for 24 gold pieces
  5769 | D:6      | Gained mutation: You passively map a small area around you. [potion of mutation]
  5769 | D:6      | Gained mutation: You tend to lose your temper in combat. [potion of mutation]
  5769 | D:6      | Gained mutation: You are partially covered in thin metallic scales. (AC +2) [potion of mutation]
  5770 | D:6      | Bought a scroll of enchant weapon for 90 gold pieces
  6012 | D:7      | Reached skill level 5 in Stealth
  6124 | D:7      | Reached XP level 9. HP: 54/54 MP: 9/9
  6234 | D:7      | Found a sparkling altar of Nemelex Xobeh.
  6565 | D:7      | Found a sacrificial altar of Ru.
  6888 | D:8      | Noticed Grum
  6904 | D:8      | Killed Grum
  6913 | D:8      | Noticed OnekoMk1's ghost (novice DEAE)
  6927 | D:8      | HP: 1/54 [OnekoMk1's ghost/Freeze (14)]
  7029 | D:8      | Killed OnekoMk1's ghost
  7029 | D:8      | Reached skill level 5 in Short Blades
  7259 | D:8      | Noticed Prince Ribbit
  7265 | D:8      | Found a staircase to the Lair.
  7344 | D:8      | Killed Prince Ribbit
  7368 | D:8      | Reached XP level 10. HP: 15/60 MP: 4/10
  7457 | D:8      | Learned a level 1 spell: Animate Skeleton
  7460 | D:8      | Learned a level 2 spell: Call Imp
  7462 | D:8      | Learned a level 1 spell: Apportation
  7466 | D:8      | Learned a level 3 spell: Mephitic Cloud
  7838 | D:8      | Noticed a two-headed ogre
  8122 | D:8      | HP: 1/60 [two-headed ogre/giant club (21)]
  8305 | D:8      | Killed a two-headed ogre
  8305 | D:8      | Reached skill level 10 in Stealth
  8493 | Lair:1   | Entered Level 1 of the Lair of Beasts
  8493 | Lair:1   | Reached ** piety under Hepliaklqana
  8495 | Lair:1   | Remembered your ancestor Seras as a battlemage
  8700 | Lair:1   | Noticed a black mamba
  8707 | Lair:1   | Killed a black mamba
  8752 | Lair:1   | Got a brightly glowing helmet
  8758 | Lair:1   | Identified the +2 helmet of Tomorrow {*Corrode Str+3 SInv Stlth+} (You found it on level 1 of the Lair of Beasts)
  8867 | Lair:1   | Noticed a spiny frog
  8879 | Lair:1   | Killed a spiny frog
  9156 | Lair:2   | Found a staircase to the Snake Pit.
  9193 | Lair:2   | Found a labyrinth entrance.
  9238 | Lair:2   | Noticed an oklob plant
  9239 | Lair:2   | Noticed an oklob plant
  9239 | Lair:2   | Noticed an oklob plant
  9306 | Lair:2   | Noticed a spiny frog
  9321 | Lair:2   | Noticed an elephant
  9327 | Lair:2   | Noticed an elephant
  9332 | Lair:2   | Noticed an elephant
  9333 | Lair:2   | Noticed an elephant
  9341 | Lair:2   | Killed a spiny frog
  9356 | Lair:2   | Reached XP level 11. HP: 64/64 MP: 9/11
  9361 | Lair:2   | Reached skill level 10 in Short Blades
  9559 | Lair:2   | Learned a level 1 spell: Summon Butterflies
  9591 | Lair:2   | Noticed Erica
  9600 | Lair:2   | Killed Erica
  9906 | Lair:2   | Reached *** piety under Hepliaklqana
 10014 | Lair:2   | Reached XP level 12. HP: 70/70 MP: 12/12
 10330 | Lair:2   | Noticed a four-headed hydra
 10342 | Lair:2   | Killed a one-headed hydra
 10565 | Snake:1  | Entered Level 1 of the Snake Pit
 10617 | Snake:1  | Got a crude short sword
 10618 | Snake:1  | Identified the +5 short sword of Indomitability {venom, +Fly Int+3 SInv} (You found it on level 1 of the Snake Pit)
 10731 | Snake:1  | Noticed a naga warrior
 11059 | Snake:1  | Killed a naga warrior
 11383 | Snake:1  | Killed from afar by a shock serpent

Skill      XL: |  1  2  3  4  5  6  7  8  9 10 11 12 |
---------------+-------------------------------------+-----
Shields        | 2 4 |  4.4
Dodging        | 4 6 9 11 12 13 14 | 14.2
Stealth        | 5 9 11 13 14 | 14.0
Short Blades   | 7 9 12 13 | 13.3
Fighting       | |  1.7

Action                   |  1- 3 |  4- 6 |  7- 9 | 10-12 || total
-------------------------+-------+-------+-------+-------++-------
Melee: Short sword       |    55 |   273 |   771 |   338 ||  1437
       Bite              |     3 |    34 |    81 |    82 ||   200
       Unarmed           |       |       |       |     2 ||     2
       Spear             |       |       |       |   264 ||   264
       Scimitar          |       |       |       |     5 ||     5
Throw: Tomahawk          |       |    15 |       |    20 ||    35
 Cast: Slow              |       |       |       |     6 ||     6
Invok: Ancestor Identity |       |       |     1 |       ||     1
       Recall Ancestor   |       |       |     1 |     6 ||     7
       Ancestor Life: Ba |       |       |       |     1 ||     1
 Abil: End Transformatio |       |       |     1 |     3 ||     4
       Bat Form          |       |       |     1 |     3 ||     4
Evoke: Wand              |       |       |    34 |    21 ||    55
  Use: Potion            |       |     8 |    20 |    21 ||    49
       Scroll            |       |     1 |     9 |    14 ||    24
 Stab: Sleeping          |     6 |     6 |       |    10 ||    22
       Distracted        |     1 |       |     4 |     9 ||    14
       Confused          |       |       |     4 |       ||     4
  Eat: Corpse            |     1 |     1 |     4 |     5 ||    11
Armor: Robe              |     2 |    24 |       |       ||    26
       Chain mail        |       |    72 |   383 |    38 ||   493
       Leather armour    |       |       |       |    83 ||    83
Dodge: Dodged            |    25 |   102 |   201 |   467 ||   795
Block: Buckler           |    11 |    83 |   170 |   263 ||   527
       Rpst.: Scimitar   |       |       |       |     1 ||     1
